Map: Buried Caverns

Players

Cthulhu

  • Race: Protoss Protoss
  • Spawn Location: 9:00

Faust

  • Race: Zerg Zerg
  • League: Diamond
  • Spawn Location: 7:00

Throwfordays

  • Race: Protoss Protoss
  • League: Silver
  • Spawn Location: 9:00

OoObernOOb

  • Race: Protoss Protoss
  • League: Diamond
  • Spawn Location: 3:00

SirSpiffy

  • Race: Zerg Zerg
  • Spawn Location: 3:00

awwnelson

  • Race: Protoss Protoss
  • League: Silver
  • Spawn Location: 5:00

VOD

Have the link to the VOD?

Description

Time

  • Played on: Feb. 12, 2019, 10:28 p.m.
  • Length: 5:10
Show
View Real Time Build Order
Export as new Build Order

Cthulhu Protoss 

Build Orders:  

Get SALT Encoding   

  12  0:01  Probe  
  13  0:12  Probe  
  14  0:20  Probe  
  14  0:21  Pylon  
  15  0:37  Probe  
  15  0:42  Gateway  
  16  0:49  Probe  
  17  0:54  Assimilator  
  17  1:03  Probe  
  18  1:20  Assimilator  
  18  1:28  Gateway  
  18  1:32  Cybernetics Core  
  18  1:36  Probe  
  18  1:38  Pylon  
  19  1:41  Pylon  
  19  1:44  Probe  
  19  1:52  Probe  
  20  1:59  Warp Gate  
  21  2:12  Stalker  
  23  2:21  Robotics Facility  
  23  2:23  Stalker  
  23  2:28  Probe  
  26  3:01  Stalker  
  26  3:03  Stalker  
  30  3:12  Forge  
  30  3:13  Observer  
  31  3:23  Stalker  
  29  3:53  Stalker  
  23  4:12  Photon Cannon  
  23  4:13  Photon Cannon  
  23  4:18  Stalker x2  
  27  4:31  Shield Battery  
  27  4:32  Photon Cannon  
  27  4:33  Shield Battery  
  23  5:00  Stalker x2  
Show
View Real Time Build Order
Export as new Build Order

Faust Zerg 

Build Orders: Hatch First 

Get SALT Encoding   

  12  0:01  Drone  
  13  0:10  Drone  
  14  0:17  Extractor, Drone  
  15  0:23  Overlord  
  15  0:43  Drone x2  
  17  0:55  Hatchery  
  16  0:57  Drone  
  16  1:01  Drone  
  18  1:05  Extractor  
  17  1:19  Spawning Pool  
  17  1:21  Drone  
  17  1:24  Drone  
  18  1:28  Drone  
  19  1:43  Overlord  
  19  2:06  Metabolic Boost  
  19  2:08  Queen  
  21  2:09  Queen  
  21  2:10  Zergling x2  
  21  2:13  Zergling x2  
  25  2:16  Zergling x2  
  25  2:19  Zergling x2  
  27  2:27  Baneling Nest  
  26  2:36  Overlord  
  26  2:42  Drone x2  
  28  2:44  Drone  
  29  2:57  Drone  
  30  2:59  Spore Crawler  
  29  3:06  Zergling x6  
  29  3:08  Drone  
  33  3:13  Baneling x2  
  33  3:33  Queen  
  35  3:35  Queen  
  35  3:36  Drone x2  
  38  3:58  Zergling x2  
  38  3:59  Zergling x4  
  40  4:09  Queen  
  36  4:10  Queen  
  36  4:15  Evolution Chamber  
  36  4:16  Drone x3  
  41  4:18  Drone  
  42  4:26  Baneling x2  
  42  4:27  Baneling  
  42  4:28  Drone x2  
  44  4:37  Overlord  
  44  4:38  Overlord  
  44  4:56  Drone x3  
Show
View Real Time Build Order
Export as new Build Order

Throwfordays Protoss 

Build Orders:  

Get SALT Encoding   

  12  0:01  Probe  
  13  0:13  Probe  
  14  0:20  Pylon  
  14  0:25  Probe  
  15  0:38  Probe  
  15  0:40  Gateway  
  16  0:50  Probe  
  16  0:53  Assimilator  
  17  1:03  Probe  
  18  1:06  Assimilator  
  18  1:15  Probe  
  19  1:27  Cybernetics Core, Probe  
  19  1:31  Forge  
  20  1:39  Probe  
  21  1:51  Probe  
  22  2:03  Probe  
  23  2:08  Nexus  
  23  2:14  Assimilator  
  23  2:19  Assimilator  
  23  2:51  Warp Gate  
  23  2:59  Pylon  
  23  3:08  Pylon  
  23  3:10  Pylon  
  23  3:17  Stalker, Probe  
  23  3:18  Photon Cannon  
  26  3:29  Photon Cannon, Probe  
  27  3:41  Photon Cannon, Probe  
  28  3:53  Probe  
  29  3:59  Stalker  
  29  4:00  Gateway  
  31  4:05  Probe  
  31  4:08  Gateway  
  32  4:15  Probe  
  33  4:49  Stalker  
  31  4:56  Stalker  
Show
View Real Time Build Order
Export as new Build Order

OoObernOOb Protoss 

Build Orders: Proxy Void Ray 

Get SALT Encoding   

  12  0:01  Probe  
  13  0:13  Probe  
  14  0:19  Pylon  
  14  0:31  Probe  
  15  0:37  Assimilator  
  15  0:44  Gateway  
  15  0:46  Probe  
  16  1:01  Probe  
  17  1:04  Assimilator  
  17  1:13  Probe  
  19  1:25  Probe  
  19  1:33  Pylon  
  19  1:37  Cybernetics Core  
  19  1:38  Probe  
  19  1:46  Probe  
  21  1:54  Probe  
  22  2:06  Probe  
  23  2:16  Stargate  
  23  2:18  Stargate  
  23  2:30  Forge  
  23  2:47  Void Ray  
  27  3:11  Void Ray  
  31  3:20  Shield Battery  
  31  3:22  Shield Battery  
  31  3:36  Photon Cannon  
  31  3:56  Pylon  
  31  4:04  Void Ray  
  31  4:14  Void Ray  
  39  4:28  Pylon  
  39  4:39  Nexus  
  39  4:46  Probe  
Show
View Real Time Build Order
Export as new Build Order

SirSpiffy Zerg 

Build Orders: Hatch First 

Get SALT Encoding   

  12  0:02  Drone  
  13  0:14  Overlord  
  13  0:19  Drone  
  14  0:32  Drone  
  14  0:33  Drone  
  16  0:38  Drone  
  17  1:03  Hatchery  
  16  1:07  Drone  
  16  1:09  Drone  
  18  1:12  Extractor  
  17  1:19  Spawning Pool  
  17  1:20  Drone  
  17  1:25  Drone  
  18  1:33  Drone  
  19  1:42  Drone  
  20  1:52  Drone  
  21  2:13  Roach Warren  
  20  2:17  Queen x2  
  20  2:19  Zergling x2  
  20  2:20  Zergling x4  
  27  2:24  Drone  
  28  2:35  Overlord  
  28  2:39  Overlord  
  28  3:08  Zergling x2  
  28  3:09  Zergling x8  
  33  3:26  Roach x4  
  41  3:34  Drone, Roach  
  41  3:58  Overlord, Roach  
  41  3:59  Overlord x4  
  43  4:07  Extractor  
  43  4:08  Spore Crawler  
  40  4:40  Drone x6  
  40  4:41  Drone x3  
  40  4:43  Overlord  
  40  4:44  Overlord x2  
Show
View Real Time Build Order
Export as new Build Order

awwnelson Protoss 

Build Orders:  

Get SALT Encoding   

  12  0:01  Probe  
  13  0:13  Probe  
  14  0:19  Pylon  
  14  0:25  Probe  
  15  0:40  Probe  
  16  0:45  Gateway  
  16  0:50  Assimilator  
  16  0:52  Probe  
  17  1:07  Pylon  
  17  1:08  Probe  
  18  1:12  Assimilator  
  18  1:26  Probe  
  19  1:34  Cybernetics Core  
  19  1:36  Probe  
  20  1:45  Probe  
  20  1:51  Pylon  
  20  1:53  Probe  
  22  2:04  Probe  
  23  2:13  Stargate  
  23  2:25  Shield Battery  
  23  2:29  Shield Battery  
  23  2:35  Stargate  
  23  2:47  Void Ray  
  30  4:51  Pylon  
  30  4:57  Pylon  
  30  5:02  Pylon  
Tags
 
Add a new tag
Caveats
  • Supply blocks, unpowered buildings, or Contaminate may cause inaccurate times.
  • Supply counts are checked every 10 seconds.